 Dungeon Crawl Stone Soup version 0.18-a0-1643-gb89d9db (webtiles) character file.

81 IPlayDemonSpawn the Skirmisher (level 4, -1/37 HPs)
             Began as a Demonspawn Wanderer on Mar 28, 2016.
             Was a Follower of Cheibriados.
             Killed by nerve-wracking pain
             ... invoked by Grinder
              (13 damage)
             ... on level 3 of the Dungeon.
             The game lasted 00:09:00 (1481 turns).

IPlayDemonSpawn the Skirmisher (DsWn)               Turns: 1481, Time: 00:09:01

Health: -1/37      AC: 14    Str: 18    XL:     4   Next: 19%
Magic:  5/5        EV:  5    Int: 16    God:    Cheibriados [*.....]
Gold:   66         SH:  0    Dex: 13    Spells: 0 memorised, 5 levels left

rFire  . . .     SeeInvis .     a - +2 dagger
rCold  . . .     Gourm    .     s - +0 plate armour
rNeg   . . .     Faith    .     (no shield)
rPois  .         Spirit   .     (no helmet)
rElec  .         Dismiss  .     (no cloak)
rCorr  +         Reflect  .     (no gloves)
SustAt .         Harm     .     (no boots)
MR     .....                    (no amulet)
Stlth  ..........               (no ring)
                                g - ring of resist corrosion

@: very slow, not resistant to hostile enchantments, extremely unstealthy
A: rough black scales 1, rot immunity
a: Bend Time, Renounce Religion


You were on level 3 of the Dungeon.
You worshipped Cheibriados.
Cheibriados was aware of your devotion.
You were not hungry.

You visited 1 branch of the dungeon, and saw 3 of its levels.

You collected 66 gold pieces.

Inventory:

Hand Weapons
 a - a +2 dagger (weapon)
 k - a -2 short sword
Armour
 e - a +0 robe
 i - a +0 ring mail
 s - a +0 plate armour (worn)
Jewellery
 g - a ring of resist corrosion (left hand)
Scrolls
 b - a scroll of fear
 n - a scroll of fog {unknown}
 o - a scroll of remove curse
 p - a scroll of blinking
 u - a scroll of identify {unknown}
Potions
 c - a potion of lignification
 j - a potion of might {unknown}
 m - a potion of ambrosia {unknown}
 q - 2 potions of brilliance {unknown}
 r - a potion of mutation {unknown}
 t - a potion of degeneration {unknown}
 v - a potion of haste {unknown}
 w - a potion of magic {unknown}
Books
 d - Sif Muna's Disquisition on Summoning

   Spells                             Type                      Level
   a - Summon Small Mammal            Summoning                    1
   b - Call Imp                       Summoning                    2
Comestibles
 f - 3 bread rations
 h - a beef jerky
 l - a slice of pizza


   Skills:
 + Level 4.0 Fighting
 - Level 1.0 Short Blades
 - Level 1.0 Throwing
 + Level 0.5 Armour
 - Level 2.6 Stealth
 - Level 1.1 Spellcasting
   Level 2.0 Summonings
   Level 1.0 Earth Magic


You had 5 spell levels left.
You didn't know any spells.

Dungeon Overview and Level Annotations

Branches:
Dungeon (3/15)

Altars:
Cheibriados
Kikubaaqudgha
Trog
Xom

Annotations:
D:3 Grinder


Innate Abilities, Weirdness & Mutations

You are partially covered in rough black scales (AC +4, Dex -1).
You are immune to rotting.


Message History

Okay, then.
Unknown command.
Unknown command.
Read which item? (? for menu, Esc to quit)
Okay, then.
Unknown command.
You hit Grinder.
Grinder is moderately wounded.
Grinder hits you.
You closely miss Grinder.
Grinder is moderately wounded.
Grinder hits you but does no damage.
You barely miss Grinder.
Grinder is moderately wounded.
Grinder barely misses you.
You hit Grinder.
Grinder is moderately wounded.
Grinder gestures at you. Pain shoots through your body!
You die...

.........
.........
..#...#
......
#...#
..#.#...#
.......<#
..#.#.#.#
# #@#
......5.#
.##......
......#.##
###......
#.#.#.#
#.# #.# #
#.#


You could see Grinder.

Vanquished Creatures
  2 adders (D:2)
  3 dart slugs
  A worm (D:2)
  2 giant geckos (D:1)
  A ball python (D:1)
  7 bats
  2 giant cockroaches
  6 goblins
  7 hobgoblins
  5 jackals
  2 giant newts (D:2)
  4 kobolds
  6 rats
48 creatures vanquished.

Notes
Turn   | Place    | Note
--------------------------------------------------------------
     0 | D:1      | IPlayDemonSpawn the Demonspawn Wanderer began the quest for the Orb.
     0 | D:1      | IPlayDemonSpawn set off with: a +2 dagger, a scroll of fear, a potion of lignification, Sif Muna's Disquisition on Summoning, a +0 robe, a bread ration
     0 | D:1      | Reached XP level 1. HP: 16/16 MP: 1/1
     0 | D:1      | Identified Sif Muna's Disquisition on Summoning
    65 | D:1      | Gained mutation: You are partially covered in rough black scales (AC +4, Dex -1). [demonic ancestry]
    65 | D:1      | Reached XP level 2. HP: 23/23 MP: 2/2
    88 | D:1      | Reached skill level 3 in Fighting
   277 | D:1      | Reached XP level 3. HP: 29/29 MP: 3/3
   525 | D:2      | Found a faded altar to an unknown god.
   541 | D:2      | Became a worshipper of Cheibriados the Contemplative
   541 | D:2      | Reached * piety under Cheibriados
   616 | D:2      | Found an ancient bone altar of Kikubaaqudgha.
   696 | D:2      | Found a shimmering altar of Xom.
   699 | D:2      | Found a bloodstained altar of Trog.
   779 | D:2      | Reached skill level 1 in Spellcasting
  1129 | D:2      | Reached skill level 4 in Fighting
  1129 | D:2      | Gained mutation: You are immune to rotting. [demonic ancestry]
  1129 | D:2      | Reached XP level 4. HP: 33/37 MP: 5/5
  1412 | D:3      | Noticed Grinder
  1469 | D:3      | Paralysed by Grinder for 2 turns
  1481 | D:3      | Killed from afar by Grinder

Vault maps used:
D:1:      sevenhm_arrival_forest_fort_small_6
D:2:      grunt_temple_overflow_open, overflow_temple_1_default,
          ecumenical_altar_2, kennysheep_nondescript
D:3:      corexii_shack_village, uniq_grinder

Skill      XL: |  1  2  3 |
---------------+----------+-----
Fighting       | 3 4 |  4.0
Spellcasting   | 1 |  1.1
Short Blades   | |  1.0
Throwing       | |  1.0
Armour         | |  0.5
Stealth        | |  2.6
Summonings     | |  2.0
Earth Magic    | |  1.0

Action                   |  1- 3 |  4- 6 || total
-------------------------+-------+-------++-------
Melee: Dagger            |   134 |    52 ||   186
  Use: Scroll            |     2 |       ||     2
 Stab: Sleeping          |     8 |       ||     8
